Map: Ruins of Seras

Players

Voper - Winner!

  • Race: Zerg Zerg

lIlIlIlIlI (Nina)

  • Race: Protoss Protoss

VOD

Have the link to the VOD?

Description

Time

  • Played on: March 31, 2015, 10:37 p.m.
  • Length: 10:33
Show
View Real Time Build Order
Export as new Build Order

Voper Zerg - Winner!

Build Orders: Pool First 

Get SALT Encoding   

  12  0:01  Drone  
  13  0:16  Overlord  
  13  0:18  Drone  
  14  0:34  Spawning Pool  
  13  0:38  Drone  
  13  0:41  Drone  
  15  0:49  Drone  
  16  0:57  Overlord  
  16  1:04  Drone, Extractor  
  17  1:11  Drone  
  17  1:22  Queen  
  19  1:31  Drone  
  20  1:39  Hatchery  
  19  1:47  Drone  
  19  1:48  Drone  
  21  1:55  Overlord  
  21  2:05  Queen  
  23  2:15  Metabolic Boost  
  23  2:17  Zergling x2  
  23  2:18  Zergling x2  
  25  2:27  Overlord  
  25  2:36  Zergling x8  
  29  2:49  Drone  
  30  2:58  Queen  
  30  3:00  Drone x2  
  30  3:01  Drone  
  30  3:03  Drone  
  36  3:24  Drone x6  
  41  3:42  Zergling x12  
  45  3:50  Zergling x4  
  44  3:58  Spine Crawler  
  43  4:10  Drone  
  43  4:11  Drone x5  
  43  4:16  Hatchery  
  48  4:22  Drone x3  
  50  4:37  Drone  
  50  4:38  Drone, Overlord x3  
  50  4:44  Extractor x2  
  45  4:52  Zergling x2  
  45  4:53  Zergling x10  
  45  4:55  Hatchery  
  49  5:09  Drone  
  49  5:12  Drone  
  49  5:13  Drone x3  
  54  5:16  Extractor  
  53  5:24  Roach Warren  
  45  5:50  Drone  
  46  6:05  Roach  
  46  6:06  Roach x14  
  76  6:13  Queen  
  78  6:21  Roach x5  
  78  6:23  Overlord x3  
  78  6:24  Overlord  
  88  6:27  Lair  
  88  6:48  Zergling x2  
  88  6:49  Zergling x26  
  102  6:56  Drone x3  
  102  6:57  Drone  
  102  7:00  Overlord  
  106  7:24  Overlord x3  
  106  7:26  Drone x9  
  115  7:31  Extractor  
  115  7:32  Extractor  
  115  7:35  Glial Reconstitution  
  111  7:47  Ravager x5  
  111  7:48  Ravager  
  87  8:29  Roach x12  
  87  8:30  Roach x2, Zergling x2  
  87  8:31  Zergling x18  
  87  8:32  Zergling x4  
  125  8:41  Spine Crawler  
  117  8:43  Spine Crawler  
  117  8:45  Spore Crawler  
  106  9:19  Drone x3  
  106  9:20  Drone x5  
  114  9:31  Roach  
  114  9:32  Roach x14  
  114  9:37  Ravager x7  
  135  10:11  Zergling x2  
  135  10:12  Zergling x38  
Show
View Real Time Build Order
Export as new Build Order

lIlIlIlIlI Protoss 

Build Orders: Adept Opening 

Get SALT Encoding   

  12  0:01  Probe  
  14  0:18  Pylon  
  14  0:20  Probe  
  14  0:36  Probe (Chrono Boost)  
  14  0:37  Gateway  
  14  0:40  Assimilator  
  15  0:48  Probe (Chrono Boost)  
  16  0:55  Probe (Chrono Boost)  
  16  0:56  Assimilator  
  17  1:05  Probe  
  18  1:17  Probe, Pylon  
  19  1:24  Cybernetics Core  
  19  1:29  Probe (Chrono Boost)  
  20  1:39  Gateway  
  20  1:42  Probe (Chrono Boost)  
  21  1:50  Probe (Chrono Boost)  
  22  1:59  Probe  
  23  2:01  Warp Gate  
  23  2:02  Adept (Chrono Boost)  
  25  2:12  Mothership Core  
  27  2:19  Pylon  
  27  2:39  Adept x2  
  31  2:57  Nexus  
  31  2:59  Probe (Chrono Boost)  
  32  3:10  Probe (Chrono Boost)  
  32  3:11  Pylon  
  33  3:14  Adept  
  33  3:16  Probe  
  36  3:28  Probe  
  37  3:38  Zealot  
  39  3:55  Pylon  
  39  3:56  Pylon x2  
  39  4:06  Probe  
  39  4:09  Probe (Chrono Boost)  
  41  4:12  Pylon  
  39  4:18  Probe (Chrono Boost)  
  39  4:21  Probe (Chrono Boost)  
  41  4:29  Probe (Chrono Boost)  
  41  4:30  Probe (Chrono Boost)  
  43  4:35  Probe  
  40  4:39  Probe (Chrono Boost)  
  40  4:41  Stalker x2  
  40  4:47  Probe (Chrono Boost)  
  42  4:53  Probe (Chrono Boost)  
  42  4:56  Robotics Facility  
  42  4:58  Probe (Chrono Boost)  
  44  5:01  Probe (Chrono Boost)  
  44  5:05  Sentry x2  
  44  5:06  Probe (Chrono Boost)  
  49  5:08  Probe (Chrono Boost)  
  49  5:13  Pylon  
  50  5:16  Probe (Chrono Boost)  
  50  5:19  Probe (Chrono Boost)  
  52  5:24  Probe (Chrono Boost)  
  52  5:26  Probe (Chrono Boost)  
  52  5:27  Gateway  
  54  5:29  Gateway  
  54  5:31  Sentry x2  
  59  5:37  Probe (Chrono Boost)  
  59  5:39  Probe (Chrono Boost)  
  59  5:40  Assimilator x2  
  60  5:44  Warp Prism  
  60  5:45  Probe (Chrono Boost)  
  60  5:46  Probe (Chrono Boost)  
  64  5:50  Robotics Bay  
  64  5:54  Probe  
  65  5:57  Probe  
  65  6:02  Forge  
  65  6:04  Sentry  
  68  6:06  Probe  
  69  6:14  Nexus  
  69  6:18  Probe  
  70  6:23  Probe  
  71  6:27  Pylon  
  71  6:31  Probe  
  76  6:41  Gravitic Drive  
  76  6:44  Probe, Disruptor (Chrono Boost)  
  76  6:45  Protoss Ground Weapons Level 1 (Chrono Boost)  
  77  6:49  Photon Cannon  
  77  6:51  Pylon  
  77  6:52  Probe  
  78  6:57  Probe  
  78  6:59  Photon Cannon  
  79  7:04  Probe  
  80  7:12  Probe (Chrono Boost)  
  81  7:20  Probe (Chrono Boost)  
  82  7:25  Photon Cannon  
  82  7:26  Disruptor  
  86  7:31  Robotics Facility  
  86  7:32  Disruptor (Chrono Boost), Photon Cannon  
  86  7:33  Probe (Chrono Boost), Disruptor  
  86  7:34  Probe x2 (Chrono Boost)  
  89  7:40  Assimilator  
  89  7:41  Pylon  
  89  7:42  Assimilator  
  87  7:48  Sentry x3  
  78  7:56  Sentry  
  78  7:58  Disruptor  
  74  8:14  Sentry x2  
  74  8:18  Probe  
  79  8:23  Stalker x2  
  67  8:29  Disruptor  
  55  8:41  Stalker x2  
  53  8:42  Colossus (Chrono Boost)  
  58  8:50  Gateway  
  58  8:51  Gateway, Disruptor  
  58  8:52  Gateway  
  58  8:59  Stalker x2  
  62  9:10  Stalker x2  
  62  9:13  Disruptor  
  66  9:22  Gateway  
  66  9:24  Gateway  
  66  9:29  Colossus (Chrono Boost)  
  72  9:33  Stalker x2  
  76  9:44  Disruptor  
  74  9:53  Stalker  
  74  9:54  Stalker x2  
  74  9:58  Zealot  
  74  9:59  Zealot  
  78  10:04  Zealot  
  54  10:25  Stalker  
  54  10:26  Stalker x3  
Tags
 
Add a new tag
Caveats
  • Supply blocks, unpowered buildings, or Contaminate may cause inaccurate times.
  • Supply counts are checked every 10 seconds.